 Dungeon Crawl Stone Soup version 0.30.1-11-g7821555f0a (webtiles) character file.

Game seed: 14088304689663388933

283 rumournova the Thaumaturge (level 6, -7/47 HPs)
             Began as a Gnoll Wanderer on Nov 18, 2023.
             Was an Initiate of Ashenzari.
             Mangled by an iguana (10 damage)
             ... on level 4 of the Dungeon.
             The game lasted 00:14:14 (2882 turns).

rumournova the Thaumaturge (Gnoll Wanderer)         Turns: 2882, Time: 00:14:15

Health: -7/47      AC:  3    Str:  8    XL:     6   Next: 28%
Magic:  12/18      EV: 12    Int: 16    God:    Ashenzari [......]
Gold:   240        SH:  0    Dex: 12    Spells: 19/24 levels left

rFire   . . .        m - +1 whip (elec)
rCold   . . .        (no shield)
rNeg    . . .        n - +0 leather armour
rPois   .            (no helmet)
rElec   .            (no cloak)
rCorr   .            (no gloves)
SInv    .            (no boots)
Will    .....        (no amulet)
Stlth   ++           (no ring)
HPRegen 0.27/turn    (no ring)
MPRegen 0.16/turn

%: no passive effects
@: no status effects
A: fangs 1, strong nose, distributed training
a: Renounce Religion, Curse Item


You were on level 4 of the Dungeon.
You worshipped Ashenzari.
Ashenzari was noncommittal.
You visited 1 branch of the dungeon, and saw 4 of its levels.

You collected 240 gold pieces.

Inventory:

Hand Weapons
 j - a +0 hand axe
 m - a +1 whip of electrocution (weapon)
Missiles
 b - 15 poisoned darts (quivered)
Armour
 d - a +1 robe
 n - a +0 leather armour (worn)
Wands
 t - a wand of iceblast (8)
Scrolls
 a - a scroll of immolation {unknown}
 c - 3 scrolls of teleportation
 e - 3 scrolls of identify
 f - a scroll of amnesia {unknown}
 g - 2 scrolls of fog {unknown}
 h - a scroll of summoning {unknown}
 u - 3 scrolls of enchant weapon {unknown}
Potions
 i - a potion of ambrosia {unknown}
 k - 2 potions of curing {unknown}
 l - a potion of mutation {unknown}
 o - a potion of flight {unknown}
 p - a potion of magic {unknown}
 q - a potion of berserk rage {unknown}
 r - a potion of resistance {unknown}
 s - 2 potions of might {unknown}
 v - 2 potions of haste {unknown}


   Skills:
 + Level 3.2 Fighting
 + Level 2.0 Short Blades
 + Level 2.0 Long Blades
 + Level 2.0 Axes
 + Level 2.0 Maces & Flails
 + Level 2.0 Polearms
 + Level 2.0 Staves
 + Level 2.0 Ranged Weapons
 + Level 3.2 Throwing
 + Level 3.2 Armour
 + Level 3.2 Dodging
 + Level 2.0 Stealth
 + Level 2.0 Shields
 + Level 2.0 Unarmed Combat
 + Level 9.5 Spellcasting
 + Level 1.5 Conjurations
 + Level 1.5 Hexes
 + Level 1.5 Summonings
 + Level 1.5 Necromancy
 + Level 1.5 Translocations
 + Level 1.5 Transmutations
 + Level 1.5 Fire Magic
 + Level 1.5 Ice Magic
 + Level 1.5 Air Magic
 + Level 2.6 Earth Magic
 + Level 1.5 Poison Magic
 + Level 2.2 Invocations
 + Level 2.0 Evocations


You had 19 spell levels left.
You knew the following spells:

 Your Spells              Type           Power      Damage    Failure   Level
a - Sandblast             Erth           32%        2d9       4%          1
b - Slow                  Hex            48%        N/A       7%          1
c - Stone Arrow           Conj/Erth      28%        3d8       17%         3

Your spell library contained the following spells:

 Spells                   Type           Power      Damage    Failure   Level
 Ignite Poison            Fire/Tmut/Pois 12%        N/A       22%         3
 Summon Guardian Golem    Hex/Summ       12%        N/A       22%         3


Dungeon Overview and Level Annotations

Branches:
Dungeon (4/15)
 Temple: D:4-7

Altars:
Ashenzari
Fedhas

Shops:
D:1 [


Innate Abilities, Weirdness & Mutations

You have very sharp teeth.
Your uncanny sense of smell can sniff out nearby items.
Your experience applies equally to all skills.


Message History

You hit the iguana.
The iguana is heavily wounded.
The iguana completely misses you.
You hit the iguana but do no damage. Lightning courses through the iguana!
You kill the iguana!
Your Short Blades skill increases to level 2!
Your Long Blades skill increases to level 2!
Your Axes skill increases to level 2!
Your Maces & Flails skill increases to level 2!
Your Polearms skill increases to level 2!
Your Staves skill increases to level 2!
Your Ranged Weapons skill increases to level 2!
Your Stealth skill increases to level 2!
Your Shields skill increases to level 2!
Your Unarmed Combat skill increases to level 2!
Your Evocations skill increases to level 2!
You hit the iguana but do no damage.
The iguana is moderately wounded.
The iguana bites you but does no damage.
You barely miss the iguana.
The iguana is moderately wounded.
The iguana barely misses you.
You closely miss the iguana. You bite the iguana, but do no damage.
The iguana is moderately wounded.
The iguana bites you!
* * * LOW HITPOINT WARNING * * *
You hit the iguana but do no damage.
The iguana is moderately wounded.
The iguana bites you.
* * * LOW HITPOINT WARNING * * *
You hit the iguana but do no damage.
The iguana is moderately wounded.
The iguana closely misses you.
You hit the iguana but do no damage.
The iguana is moderately wounded.
The iguana closely misses you.
You closely miss the iguana. You bite the iguana, but do no damage.
The iguana is moderately wounded.
The iguana bites you!
You die...

......# ......#
#.....# #..... ∆
#...! ... #l# #@#
#.# . #.# .
...######.# ..
..........##..#
...###........###
..........##.....
...####).....###
. #..)####


You could see an iguana.

Vanquished Creatures
  2 black bears
  An iguana (D:4)
  2 adders
  A worm (D:2)
  5 dart slugs
  An orc (D:3)
  6 endoplasms
  5 goblins
  4 hobgoblins
  6 kobolds
  A quokka (D:2)
  7 ball pythons
  4 bats
  5 frilled lizards
  2 rats (D:2)
52 creatures vanquished.

Notes
Turn   | Place    | Note
-------+----------+-------------------------------------------
     0 | D:1      | Reached skill level 9 in Spellcasting
     0 | D:1      | rumournova the Gnoll Wanderer began the quest for the Orb.
     0 | D:1      | rumournova set off with the following items: a +0 dagger,
                  | 10 poisoned darts, a scroll of teleportation, a +0 robe;
                  | and the following spells available to memorise: Sandblast,
                  | Slow, Stone Arrow, Ignite Poison, Summon Guardian Golem.
     0 | D:1      | Reached XP level 1. HP: 17/17 MP: 10/10
     2 | D:1      | Learned a level 1 spell: Sandblast
     4 | D:1      | Learned a level 1 spell: Slow
    62 | D:1      | Reached XP level 2. HP: 17/23 MP: 4/12
   528 | D:1      | Found Duph's Antique Armour Emporium.
   572 | D:1      | Found a faded altar of an unknown god.
   589 | D:1      | Prayed at the altar of an unknown god.
   589 | D:1      | Became a worshipper of Ashenzari the Shackled
   793 | D:2      | Found a blossoming altar of Fedhas.
   814 | D:2      | Reached XP level 3. HP: 15/28 MP: 9/14
  1043 | D:2      | Reached skill level 1 in Invocations
  1594 | D:2      | Reached skill level 1 in Short Blades
  1594 | D:2      | Reached skill level 1 in Long Blades
  1594 | D:2      | Reached skill level 1 in Axes
  1594 | D:2      | Reached skill level 1 in Maces & Flails
  1594 | D:2      | Reached skill level 1 in Polearms
  1594 | D:2      | Reached skill level 1 in Staves
  1594 | D:2      | Reached skill level 1 in Ranged Weapons
  1594 | D:2      | Reached skill level 1 in Stealth
  1594 | D:2      | Reached skill level 1 in Shields
  1594 | D:2      | Reached skill level 1 in Unarmed Combat
  1594 | D:2      | Reached skill level 1 in Evocations
  1830 | D:3      | Reached XP level 4. HP: 33/35 MP: 15/15
  2376 | D:3      | Noticed a black bear
  2384 | D:3      | Killed a black bear
  2385 | D:3      | Reached skill level 1 in Conjurations
  2385 | D:3      | Reached skill level 1 in Hexes
  2385 | D:3      | Reached skill level 1 in Summonings
  2385 | D:3      | Reached skill level 1 in Necromancy
  2385 | D:3      | Reached skill level 1 in Translocations
  2385 | D:3      | Reached skill level 1 in Transmutations
  2385 | D:3      | Reached skill level 1 in Fire Magic
  2385 | D:3      | Reached skill level 1 in Ice Magic
  2385 | D:3      | Reached skill level 1 in Air Magic
  2385 | D:3      | Reached skill level 1 in Poison Magic
  2385 | D:3      | Reached XP level 5. HP: 5/41 MP: 11/16
  2777 | D:4      | Noticed a black bear
  2783 | D:4      | Learned a level 3 spell: Stone Arrow
  2787 | D:4      | Killed a black bear
  2788 | D:4      | Reached XP level 6. HP: 33/47 MP: 7/18
  2882 | D:4      | Mangled by an iguana

Illustrated notes

Levels and vault maps discovered:
D:1:      ncdulo_wetmaze, layout_loops_ring, ebering_ecumenical_altar_ruins,
          serial_shops, shop
D:2:      layout_loops_cross, basic_altar, st_stairs_7
D:3:      layout_loops_cross, grunt_decor_junction, hangedman_feature_mirror
D:4:      cheibrodos_pilgrimage, layout_rooms, overflow_temple_1_default

Skill      XL: |  1  2  3  4  5  6 |
---------------+-------------------+-----
Spellcasting   | |  9.5
Earth Magic    | 2 |  2.6
Invocations    | 1 2 |  2.2
Short Blades   | 1 2 |  2.0
Long Blades    | 1 2 |  2.0
Axes           | 1 2 |  2.0
Maces & Flails | 1 2 |  2.0
Polearms       | 1 2 |  2.0
Staves         | 1 2 |  2.0
Ranged Weapons | 1 2 |  2.0
Stealth        | 1 2 |  2.0
Shields        | 1 2 |  2.0
Unarmed Combat | 1 2 |  2.0
Evocations     | 1 2 |  2.0
Fighting       | 3 |  3.2
Throwing       | 3 |  3.2
Armour         | 3 |  3.2
Dodging        | 3 |  3.2
Conjurations   | 1 |  1.5
Hexes          | 1 |  1.5
Summonings     | 1 |  1.5
Necromancy     | 1 |  1.5
Translocations | 1 |  1.5
Transmutations | 1 |  1.5
Fire Magic     | 1 |  1.5
Ice Magic      | 1 |  1.5
Air Magic      | 1 |  1.5
Poison Magic   | 1 |  1.5

Action                     |  1- 3 |  4- 6 || total
---------------------------+-------+-------++-------
  Melee: Dagger            |    56 |       ||    56
         Bite              |     6 |     3 ||     9
         Whip              |       |    27 ||    27
   Cast: Sandblast         |    35 |    23 ||    58
         Stone Arrow       |       |     2 ||     2
 Invoke: Curse Item        |     1 |       ||     1
         Shatter the Chain |       |     1 ||     1
    Use: Scroll            |     2 |       ||     2
   Stab: Sleeping          |     1 |     1 ||     2
 Armour: Robe              |     9 |       ||     9
         Leather armour    |     4 |     6 ||    10
  Dodge: Dodged            |    41 |    22 ||    63
